 Dungeon Crawl Stone Soup version 0.31-a0-164-g2312942fda (webtiles) character file.

Game seed: 12401115849299700587

199563 qw the Marksgargoyle (level 18, -3/129 HPs)
             Began as a Gargoyle Hunter on June 13, 2023.
             Was a High Priest of Okawaru.
             Killed from afar by an ironbound thunderhulk (7 damage)
             ... with a bolt of lightning
             ... on level 1 of the Vaults.
             The game lasted 00:14:34 (28387 turns).

qw the Marksgargoyle (Gargoyle Hunter)             Turns: 28387, Time: 00:14:34

Health: -3/129     AC: 33    Str: 15    XL:     18   Next: 48%
Magic:  25/25      EV: 33    Int: 11    God:    Okawaru [*****.]
Gold:   890        SH:  5    Dex: 23    Spells: 17/17 levels left

rFire   + . .        e - +5 longbow (drain)
rCold   + + .        (shield currently unavailable)
rNeg    + + .        m - +3 ring mail {rF+}
rPois   inf          v - +2 helmet {Int+3}
rElec   +            (no cloak)
rCorr   .            f - +0 pair of gloves of Cuitt {rF- rC++ rN+}
SInv    .            j - +1 pair of boots
Will    +....        x - amulet of reflection
Stlth   +++          y - +5 ring of evasion
HPRegen 0.41/turn    C - ring of the Smoking Gods {rElec rPois EV+5}
MPRegen 0.19/turn

%: reflection, clarity
@: about to teleport, heroic, flying
A: sickness immunity, AC +13, big wings, negative energy resistance 1,
electricity resistance, torment resistance 1, petrification resistance, agile 1,
clarity, dopey 1, fire resistance 1
}: 1/15 runes: decaying
a: Renounce Religion, Heroism, Finesse, Duel


You were on level 1 of the Vaults.
You worshipped Okawaru.
Okawaru was extremely pleased with you.
You visited 7 branches of the dungeon, and saw 31 of its levels.

You collected 3012 gold pieces.
You spent 2122 gold pieces at shops.


Innate Abilities, Weirdness & Mutations

You are immune to sickness and miasma.
Your stone body is resilient. (AC +13)
You are immune to poison.
Your large and strong wings let you fly.
You resist negative energy. (rN+)
You are resistant to electric shocks. (rElec)
You are resistant to unholy torment.
You are immune to petrification.
You are agile. (Dex +4, Str/Int -1)
You possess an exceptional clarity of mind.
You are dopey. (Int -2)
Your flesh is heat resistant. (rF+)


   Skills:
 - Level 20.0(25.0) Fighting
 - Level 20.0(25.0) Ranged Weapons
 - Level 12.0(17.0) Armour
 + Level 11.6(16.6) Dodging
 - Level 1.1(6.1) Stealth
 - Level 10.0 Invocations


You had 17 spell levels left.
You didn't know any spells.
Your spell library was empty.

Inventory:

Hand Weapons
 e - a +5 longbow of draining (weapon)
 r - the +6 hand crossbow "Zinuogim" {penet, rElec rF- rC+ Int+3 SInv}
   (Okawaru gifted it to you on level 2 of the Lair of Beasts)

   Int:       It affects your intelligence (+3).
   rF:        It makes you vulnerable to fire.
   rC:        It protects you from cold.
   rElec:     It insulates you from electricity.
   SInv:      It lets you see invisible.
 A - a +0 longbow
Armour
 b - a +1 leather armour of cold resistance
 d - a +0 troll leather armour
 f - the +0 pair of gloves of Cuitt (worn) {rF- rC++ rN+}
   (You found it on level 5 of the Lair of Beasts)

   rF:        It makes you vulnerable to fire.
   rC:        It greatly protects you from cold.
   rN:        It protects you from negative energy.
 j - a +1 pair of boots (worn)
 m - a +3 ring mail of fire resistance (worn)
 q - a +1 robe of resistance
 s - +0 acid dragon scales
 v - a +2 helmet of intelligence (worn)
 w - a +2 pair of gloves
Jewellery
 g - a ring of resist corrosion
 p - a ring of resist corrosion
 x - an amulet of reflection (around neck)
 y - a +5 ring of evasion (left hand)
 B - a ring of protection from fire
 C - the ring of the Smoking Gods (right hand) {rElec rPois EV+5}
   (You bought it in a shop on level 2 of the Orcish Mines)

   [ring of evasion]

   EV:        It affects your evasion (+5).
   rElec:     It insulates you from electricity.
   rPois:     It protects you from poison.
 E - a ring of ice
Wands
 l - a wand of digging (8)
Scrolls
 k - 2 scrolls of teleportation
 o - 11 scrolls of identify
Potions
 a - 12 potions of curing
 c - 4 potions of magic
 h - 4 potions of might
 i - 4 potions of mutation
 n - 3 potions of attraction
 t - 3 potions of lignification
 z - a potion of haste

Dungeon Overview and Level Annotations

Branches:
Dungeon (15/15)            Temple (1/1) D:5            Lair (5/5) D:8
  Swamp (4/4) Lair:3       Spider (3/4) Lair:3        Slime (0/5) Lair:5
    Orc (2/2) D:10            Elf (0/3) Orc:2        Vaults (1/5) D:14
 Depths (0/4) D:15

Altars:
Ashenzari
Cheibriados
Dithmenos
Elyvilon
Fedhas
Gozag
Hepliaklqana
Kikubaaqudgha
Makhleb
Nemelex Xobeh
Okawaru
Qazlal
Ru
Sif Muna
Trog
Uskayaw
Vehumet
Wu Jian
Xom
Yredelemnul
Zin
The Shining One
Lugonu

Shops:
D:3 [   D:9 [   D:10 **   Orc:2 [=[=

Portals:
Abyss: Lair:5
Trove: D:13 (give 16 potions of curing)

Annotations:
D:3 2 transporters, qw's ghost, amateur MiHu
D:15 1 runed translucent door, qw's ghost, journeyman GrFi
Lair:1 1 runed translucent door, qw's ghost, journeyman NaHu
Vaults:1 3 runed translucent doors, qw's ghost, adept GrHu


Message History

You shoot an arrow. The arrow hits the deep troll!!
You drain the deep troll.
The deep troll is heavily wounded.
You shoot an arrow.
The arrow hits the deep troll but does no damage.
The deep troll is heavily wounded.
You shoot an arrow. The arrow hits the deep troll!!
You kill the deep troll!
Okawaru accepts your kill.
A deep troll comes into view.
You shoot an arrow. The arrow hits the deep troll!
The deep troll is moderately wounded.
28382 ||| READING 3 scrolls of teleportation.
As you read the scroll of teleportation, it crumbles to dust.
You feel strangely unstable.
An ironbound preserver comes into view. It is wielding a +0 dire flail.
You shoot an arrow. The arrow barely misses the deep troll.
The ironbound preserver shouts!
The arrow hits the ironbound thunderhulk!!
The ironbound thunderhulk is moderately wounded.
You shoot an arrow. The arrow hits the deep troll.
The deep troll is moderately wounded.
Electricity crackles from the ironbound thunderhulk's apparatus.
The bolt of lightning misses you.
You shoot an arrow.
The arrow closely misses the deep troll.
The deep troll shouts!
The arrow hits the deep troll!!
You kill the deep troll!
Okawaru accepts your kill.
The troll leather armour is intact enough to wear.
You shoot an arrow. The arrow hits the deep troll!
The deep troll is heavily wounded.
Electricity crackles from the ironbound thunderhulk's apparatus.
The bolt of lightning hits you! You resist.
You shoot an arrow. The arrow hits the ironbound preserver!
You drain the ironbound preserver.
The ironbound preserver is lightly wounded.
Electricity crackles from the ironbound thunderhulk's apparatus.
The bolt of lightning hits you! You resist.
You die...

......
..... ..T
.. OT
#p###
#...#
#...#
##...##
#..@..#
#.....#
#.......#
#..#+#..#
#... ...#
#### ####


You could see an ironbound preserver (drained), an ironbound thunderhulk and 2
deep trolls.

Vanquished Creatures
  2 tentacled monstrosities
  Frances (Spider:2)
  2 thorn hunters
  3 ghost moths (Spider:2)
  A vault warden (Vaults:1)
  Louise (Swamp:3)
  4 ironbound preservers (Vaults:1)
  2 orc warlords
  A stone giant (D:15)
  A broodmother (Spider:2)
  8 eleionomae
  A bunyip (Swamp:2)
  3 dire elephants (Vaults:1)
  Snorg (D:14)
  2 spark wasps
  Josephine (D:15)
  2 shambling mangroves (Swamp:4)
  3 entropy weavers
  2 vault guards (D:14)
  A yaktaur captain (Vaults:1)
  2 great orbs of eyes (Vaults:1)
  17 hydras
  3 catoblepae
  A two-headed ogre (D:9)
  6 boulder beetles
  7 alligators
  A death knight (D:15)
  4 centaur warriors
  4 demonic crawlers
  6 tengu warriors
  12 death yaks
  Urug (Lair:4)
  2 thrashing horrors (Lair:5)
  3 orc high priests (Orc:2)
  3 skeletal warriors (D:14)
  4 goliath frogs
  14 swamp dragons
  10 deep trolls (Vaults:1)
  2 wizards (D:14)
  Pikel (D:7)
  4 spriggan druids
  4 bog bodies
  3 orb spiders
  2 lindwurms (Vaults:1)
  3 steelbarb worms
  2 necromancers (D:14)
  A phantasmal warrior (D:15)
  5 orc sorcerers
  6 cyclopes
  A deep elf pyromancer (D:12)
  6 orc knights
  11 wolf spiders
  4 will-o-the-wisps
  14 ugly things
  2 manticores
  3 moths of wrath
  20 elephants
  2 black mambas
  A vault sentinel (Vaults:1)
  2 smoke demons (Lair:5)
  Joseph (D:7)
  4 torpor snails
  13 cane toads
  2 unseen horrors
  2 rime drakes (Lair:1)
  A gargoyle (D:14)
  3 efreet (D:14)
  14 komodo dragons
  4 kobold demonologists
  2 ancient zymes (Lair:5)
  A freezing wraith (D:15)
  A bloated husk (Swamp:3)
  A queen bee (shapeshifter) (D:14)
  8 trolls
  2 polar bears
  9 meliai
  12 hornets
  A queen bee (D:15)
  A blink frog (shapeshifter) (Lair:5)
  8 tyrant leeches
  8 tarantellas
  25 blink frogs
  Prince Ribbit (D:5)
  17 jumping spiders
  2 large abominations (Lair:5)
  12 spriggans
  22 culicivoras
  4 wyverns
  20 yaks
  9 small abominations (Lair:5)
  10 wraiths
  2 basilisks
  A basilisk (shapeshifter) (Lair:5)
  19 humans (D:14)
  2 steam dragons
  2 vampire mosquitoes (Swamp:4)
  2 chaos spawn (Lair:5)
  44 redbacks
  Menkaure (D:7)
  Edmund (D:6)
  7 wargs
  16 swamp worms
  An acid dragon (D:12)
  13 water moccasins
  3 ice beasts
  21 orc warriors
  8 swamp drakes
  2 sky beasts
  9 boggarts
  10 centaurs
  6 ogres
  6 wolves (Lair:5)
  A lemure (D:7)
  3 kobold brigands
  11 bullfrogs
  2 gnoll sergeants
  4 scorpions
  13 wights
  23 killer bees
  3 electric eels
  5 howler monkeys
  6 hounds
  15 orc priests
  2 gnoll boudas
  A sleepcap (D:7)
  An iguana (D:7)
  14 orc wizards
  4 hell rats
  17 gnolls
  6 adders
  7 river rats
  3 shadow imps
  2 white imps
  An ufetubus (D:5)
  7 worms
  3 dart slugs
  73 orcs
  5 ball pythons
  5 endoplasms
  4 giant cockroaches (D:1)
  9 goblins
  5 hobgoblins
  10 jackals
  3 quokkas
  7 bats
  3 frilled lizards
  25 kobolds
  14 rats
  A butterfly (Lair:2)
955 creatures vanquished.

Vanquished Creatures (others)
  A boggart (D:15)
  An orc wizard (Orc:1)
  An orc (Orc:1)
  4 foxfires
7 creatures vanquished.

Grand Total: 962 creatures vanquished

Notes
Turn   | Place    | Note
-------+----------+-------------------------------------------
     0 | D:1      | qw the Gargoyle Hunter began the quest for the Orb.
     0 | D:1      | Reached XP level 1. HP: 12/12 MP: 1/1
     0 | D:1      | 0 ||| qw: Version: 0.2-a-29-gc1b59c4
     0 | D:1      | 0 ||| qw: Game counter: 4551
     0 | D:1      | 0 ||| qw: Always use a shield: true
     0 | D:1      | 0 ||| qw: God list: Okawaru
     0 | D:1      | 0 ||| qw: Allow faded altars: false
     0 | D:1      | 0 ||| qw: Do Orc after D:15 true
     0 | D:1      | 0 ||| qw: Do second Lair branch before Depths: true
     0 | D:1      | 0 ||| qw: Lair rune preference: random
     0 | D:1      | 0 ||| qw: Plans: Normal, Zot:1-4, Slime:5, God:TSO, Crypt,
                  | Tomb, Abyss, Pan, Hells, Win
     0 | D:1      | 0 ||| PLANNING D:1-11
    49 | D:1      | Reached XP level 2. HP: 17/17 MP: 2/2
   170 | D:1      | HP: 3/17 [jackal (2)]
   174 | D:1      | Reached XP level 3. HP: 3/21 MP: 3/3
   730 | D:1      | 730 ||| UPGRADING to +4 ring of slaying {mikee}.
   731 | D:1      | 731 ||| READING 2 scrolls labelled ANWI OSEGU.
   732 | D:1      | 732 ||| READING scroll labelled ZOAD DIYMUZOAW.
   733 | D:1      | 733 ||| DROPPING scroll of revelation.
   734 | D:1      | 734 ||| DROPPING scroll of butterflies.
   762 | D:2      | Noticed a scorpion
   766 | D:2      | Killed a scorpion
   767 | D:2      | Reached skill level 3 in Fighting
   767 | D:2      | Reached XP level 4. HP: 28/29 MP: 4/4
   830 | D:2      | Found a sparkling altar of Nemelex Xobeh.
   842 | D:2      | Found a faded altar of an unknown god.
   928 | D:2      | Reached XP level 5. HP: 33/33 MP: 5/5
  1177 | D:2      | 1177 ||| UPGRADING to amulet of the acrobat.
  1205 | D:2      | 1205 ||| READING scroll labelled NIOPOR MA WAQE.
  1213 | D:2      | 1213 ||| UPGRADING to +0 ring mail.
  1228 | D:2      | 1228 ||| UPGRADING to +0 ring mail.
  1230 | D:2      | 1230 ||| UPGRADING to +0 ring mail.
  1256 | D:2      | 1256 ||| DROPPING +0 leather armour.
  1537 | D:2      | 1537 ||| READING scroll labelled HORAPNAXTO.
  1538 | D:2      | 1538 ||| READING scroll labelled OMAMYUL FYCOUQ.
  1539 | D:2      | 1539 ||| READING scroll labelled LIRUOXK ZOHANKYO.
  1560 | D:2      | 1560 ||| DRINKING 2 fizzy black potions.
  1592 | D:3      | Found Xaifijam's Antique Armour Shop.
  1601 | D:3      | 1601 ||| STAIRDANCE
  1620 | D:3      | 1620 ||| STAIRDANCE
  1627 | D:2      | Reached skill level 1 in Armour
  1721 | D:3      | 1721 ||| FLEEEEING.
  1722 | D:3      | 1722 ||| FLEEEEING.
  1723 | D:3      | 1723 ||| FLEEEEING.
  1724 | D:3      | 1724 ||| FLEEEEING.
  1725 | D:3      | 1725 ||| FLEEEEING.
  1727 | D:3      | 1727 ||| FLEEEEING.
  1728 | D:3      | 1728 ||| FLEEEEING.
  1729 | D:3      | 1729 ||| FLEEEEING.
  1730 | D:3      | 1730 ||| FLEEEEING.
  1731 | D:3      | 1731 ||| FLEEEEING.
  1732 | D:3      | 1732 ||| FLEEEEING.
  1733 | D:3      | 1733 ||| FLEEEEING.
  1734 | D:3      | 1734 ||| STAIRDANCE
  1755 | D:3      | 1755 ||| STAIRDANCE
  1871 | D:3      | Reached skill level 6 in Ranged Weapons
  1880 | D:3      | Reached XP level 6. HP: 30/38 MP: 6/6
  1892 | D:3      | 1892 ||| FLEEEEING.
  1985 | D:3      | Found a transporter.
  1989 | D:3      | Noticed qw's ghost (amateur MiHu)
  2012 | D:3      | Found a transporter.
  2167 | D:3      | 2167 ||| UPGRADING to ring of resist corrosion.
  2168 | D:3      | 2168 ||| READING scroll labelled UPA RUPRIY.
  2169 | D:3      | 2169 ||| READING scroll labelled HEAKHU ITETI.
  2190 | D:4      | 2190 ||| STAIRDANCE
  2251 | D:4      | 2251 ||| Stepping ~*~*~tactically~*~*~ (outnumbered).
  2352 | D:4      | Found a blossoming altar of Fedhas.
  2425 | D:4      | Identified the staff of cold "Evaawuc" {rC+ Dex+3}
  2541 | D:4      | Reached XP level 7. HP: 43/43 MP: 7/7
  3062 | D:4      | 3062 ||| READING 2 scrolls labelled LIFE SUOSMIFI.
  3062 | D:4      | Identified 2 scrolls of acquirement
  3062 | D:4      | 3062 ||| ACQUIRING +1 arbalest of flaming
  3062 | D:4      | Acquired a +1 arbalest of flaming
  3064 | D:4      | 3064 ||| SWAPPING to +1 arbalest of flaming.
  3065 | D:4      | 3065 ||| DROPPING +0 shortbow.
  3066 | D:4      | 3066 ||| DROPPING +0 shortbow of draining.
  3067 | D:4      | 3067 ||| READING scroll of acquirement.
  3067 | D:4      | 3067 ||| ACQUIRING +1 longbow of freezing
  3067 | D:4      | Acquired a +1 longbow of freezing
  3069 | D:4      | 3069 ||| SWAPPING to +1 longbow of freezing.
  3070 | D:4      | 3070 ||| READING scroll labelled ELORPH POILUCZA.
  3071 | D:4      | 3071 ||| READING scroll labelled NIBAUG SORUKAJ.
  3090 | D:5      | Entered Level 5 of the Dungeon
  3124 | D:5      | Noticed Prince Ribbit
  3131 | D:5      | 3131 ||| FLEEEEING.
  3132 | D:5      | 3132 ||| FLEEEEING.
  3142 | D:5      | Killed Prince Ribbit
  3526 | D:5      | Found an opulent altar of Gozag.
  3573 | D:5      | Found a staircase to the Ecumenical Temple.
  3574 | D:5      | 3574 ||| PLANNING TEMPLE
  3574 | D:5      | 3574 ||| READING scroll labelled XOOBLA XUPU.
  3583 | Temple   | Entered the Ecumenical Temple
  3600 | Temple   | 3600 ||| PLANNING OKAWARU WORSHIP
  3760 | Temple   | Became a worshipper of Warmaster Okawaru
  3760 | Temple   | 3760 ||| PLANNING D:1-11
  3877 | D:5      | Reached XP level 8. HP: 50/50 MP: 8/8
  4099 | D:5      | 4099 ||| UPGRADING to +0 pair of boots.
  4193 | D:6      | 4193 ||| FLEEEEING.
  4194 | D:6      | 4194 ||| FLEEEEING.
  4195 | D:6      | 4195 ||| FLEEEEING.
  4196 | D:6      | 4196 ||| FLEEEEING.
  4197 | D:6      | 4197 ||| FLEEEEING.
  4198 | D:6      | 4198 ||| FLEEEEING.
  4199 | D:6      | 4199 ||| FLEEEEING.
  4200 | D:6      | 4200 ||| FLEEEEING.
  4201 | D:6      | 4201 ||| FLEEEEING.
  4202 | D:6      | 4202 ||| FLEEEEING.
  4203 | D:6      | 4203 ||| FLEEEEING.
  4204 | D:6      | 4204 ||| FLEEEEING.
  4205 | D:6      | 4205 ||| FLEEEEING.
  4206 | D:6      | 4206 ||| FLEEEEING.
  4207 | D:6      | 4207 ||| FLEEEEING.
  4208 | D:6      | 4208 ||| FLEEEEING.
  4209 | D:6      | 4209 ||| FLEEEEING.
  4210 | D:6      | 4210 ||| FLEEEEING.
  4211 | D:6      | 4211 ||| FLEEEEING.
  4212 | D:6      | 4212 ||| FLEEEEING.
  4213 | D:6      | 4213 ||| FLEEEEING.
  4214 | D:6      | 4214 ||| FLEEEEING.
  4215 | D:6      | 4215 ||| FLEEEEING.
  4216 | D:6      | 4216 ||| FLEEEEING.
  4217 | D:6      | 4217 ||| FLEEEEING.
  4218 | D:6      | 4218 ||| FLEEEEING.
  4219 | D:6      | 4219 ||| FLEEEEING.
  4220 | D:6      | 4220 ||| FLEEEEING.
  4221 | D:6      | 4221 ||| FLEEEEING.
  4222 | D:6      | 4222 ||| FLEEEEING.
  4223 | D:6      | 4223 ||| FLEEEEING.
  4224 | D:6      | 4224 ||| FLEEEEING.
  4225 | D:6      | 4225 ||| FLEEEEING.
  4226 | D:6      | 4226 ||| FLEEEEING.
  4227 | D:6      | 4227 ||| FLEEEEING.
  4228 | D:6      | 4228 ||| FLEEEEING.
  4229 | D:6      | 4229 ||| FLEEEEING.
  4230 | D:6      | 4230 ||| FLEEEEING.
  4231 | D:6      | 4231 ||| FLEEEEING.
  4232 | D:6      | 4232 ||| FLEEEEING.
  4233 | D:6      | 4233 ||| FLEEEEING.
  4234 | D:6      | 4234 ||| FLEEEEING.
  4235 | D:6      | 4235 ||| FLEEEEING.
  4236 | D:6      | 4236 ||| FLEEEEING.
  4237 | D:6      | 4237 ||| FLEEEEING.
  4238 | D:6      | 4238 ||| FLEEEEING.
  4239 | D:6      | 4239 ||| STAIRDANCE
  4243 | D:6      | 4243 ||| STAIRDANCE
  4248 | D:6      | 4248 ||| STAIRDANCE
  4255 | D:6      | 4255 ||| STAIRDANCE
  4259 | D:6      | 4259 ||| STAIRDANCE
  4263 | D:6      | 4263 ||| STAIRDANCE
  4267 | D:6      | 4267 ||| STAIRDANCE
  4271 | D:6      | 4271 ||| STAIRDANCE
  4275 | D:6      | 4275 ||| STAIRDANCE
  4279 | D:6      | 4279 ||| STAIRDANCE
  4283 | D:6      | 4283 ||| STAIRDANCE
  4287 | D:6      | 4287 ||| STAIRDANCE
  4291 | D:6      | 4291 ||| STAIRDANCE
  4295 | D:6      | 4295 ||| STAIRDANCE
  4299 | D:6      | 4299 ||| STAIRDANCE
  4303 | D:6      | 4303 ||| STAIRDANCE
  4307 | D:6      | 4307 ||| STAIRDANCE
  4311 | D:6      | 4311 ||| STAIRDANCE
  4315 | D:6      | 4315 ||| STAIRDANCE
  4319 | D:6      | 4319 ||| STAIRDANCE
  4600 | D:6      | Reached * piety under Okawaru
  4604 | D:6      | 4604 ||| INVOKING Heroism.
  4606 | D:6      | Reached skill level 9 in Ranged Weapons
  4612 | D:6      | Reached skill level 1 in Invocations
  4614 | D:6      | 4614 ||| INVOKING Heroism.
  4616 | D:6      | Noticed Edmund
  4617 | D:6      | Reached skill level 6 in Fighting
  4618 | D:6      | 4618 ||| FLEEEEING.
  4625 | D:6      | 4625 ||| INVOKING Heroism.
  4634 | D:6      | Killed Edmund
  4811 | D:6      | 4811 ||| INVOKING Heroism.
  4814 | D:6      | 4814 ||| Stepping ~*~*~tactically~*~*~ (cloud).
  4817 | D:6      | 4817 ||| Stepping ~*~*~tactically~*~*~ (cloud).
  4821 | D:6      | Reached skill level 3 in Invocations
  4821 | D:6      | Reached XP level 9. HP: 55/55 MP: 8/11
  4848 | D:6      | Found a basalt altar of Yredelemnul.
  4874 | D:6      | 4874 ||| UPGRADING to +3 ring mail of fire resistance.
  4884 | D:6      | 4884 ||| DROPPING +0 ring mail.
  4896 | D:5      | Found a shimmering blue altar of Sif Muna.
  5126 | D:7      | Found a broken altar of Ashenzari.
  5166 | D:7      | Noticed Menkaure
  5167 | D:7      | 5167 ||| INVOKING Heroism.
  5168 | D:7      | Killed Menkaure
  5239 | D:7      | 5239 ||| INVOKING Heroism.
  5239 | D:7      | Noticed a troll
  5244 | D:7      | 5244 ||| Stepping ~*~*~tactically~*~*~ (outnumbered).
  5247 | D:7      | Killed a troll
  5361 | D:7      | 5361 ||| INVOKING Heroism.
  5475 | D:7      | Noticed Pikel
  5476 | D:7      | 5476 ||| INVOKING Heroism.
  5484 | D:7      | Killed Pikel
  5485 | D:7      | Reached XP level 10. HP: 63/63 MP: 11/13
  5875 | D:7      | Noticed Joseph
  5880 | D:7      | Killed Joseph
  5881 | D:7      | Reached skill level 3 in Dodging
  6066 | D:7      | 6066 ||| DROPPING +6 ring of intelligence.
  6067 | D:7      | 6067 ||| DRINKING 2 smoky golden potions.
  6068 | D:7      | 6068 ||| READING 2 scrolls of identify.
  6068 | D:7      | 6068 ||| IDENTIFYING sedimented dark potion
  6109 | D:8      | Reached ** piety under Okawaru
  6110 | D:8      | Reached skill level 3 in Armour
  6162 | D:8      | 6162 ||| INVOKING Heroism.
  6282 | D:8      | 6282 ||| INVOKING Heroism.
  6285 | D:8      | Reached skill level 12 in Ranged Weapons
  6286 | D:8      | Noticed a centaur warrior
  6293 | D:8      | Killed a centaur warrior
  6299 | D:8      | 6299 ||| DRINKING 5 potions of curing.
  6299 | D:8      | 6299 ||| (to cure confusion)
  6482 | D:8      | Reached *** piety under Okawaru
  6486 | D:8      | 6486 ||| Stepping ~*~*~tactically~*~*~ (outnumbered).
  6490 | D:8      | 6490 ||| Stepping ~*~*~tactically~*~*~ (outnumbered).
  6518 | D:8      | Noticed a death yak
  6520 | D:8      | 6520 ||| INVOKING Heroism.
  6523 | D:8      | Noticed a death yak
  6527 | D:8      | Noticed a death yak
  6536 | D:8      | Killed a death yak
  6537 | D:8      | Reached skill level 9 in Fighting
  6540 | D:8      | Killed a death yak
  6541 | D:8      | Reached XP level 11. HP: 24/71 MP: 14/14
  6542 | D:8      | HP: 16/71 [death yak (8)]
  6543 | D:8      | 6543 ||| READING 3 scrolls of teleportation.
  6544 | D:8      | 6544 ||| INVOKING Heroism.
  6546 | D:8      | HP: 6/71 [rat (3)]
  6547 | D:8      | Killed a death yak
  6816 | D:8      | Found a staircase to the Lair.
  6817 | D:8      | Found a shimmering altar of Xom.
  6934 | D:8      | Found a hazy altar of Hepliaklqana.
  7000 | D:8      | 7000 ||| INVOKING Heroism.
  7131 | D:8      | 7131 ||| PLANNING LAIR
  7131 | D:8      | 7131 ||| DROPPING ring of wizardry.
  7132 | D:8      | 7132 ||| READING scroll labelled OLEETOETOI.
  7164 | Lair:1   | Entered Level 1 of the Lair of Beasts
  7199 | Lair:1   | 7199 ||| INVOKING Heroism.
  7249 | Lair:1   | 7249 ||| INVOKING Heroism.
  7297 | Lair:1   | 7297 ||| INVOKING Heroism.
  7303 | Lair:1   | Reached **** piety under Okawaru
  7325 | Lair:1   | 7325 ||| INVOKING Heroism.
  7427 | Lair:1   | 7427 ||| INVOKING Heroism.
  7459 | Lair:1   | 7459 ||| INVOKING Heroism.
  7493 | Lair:1   | Found a runed translucent door.
  7497 | Lair:1   | Noticed a spriggan rider
  7497 | Lair:1   | Noticed qw's ghost (journeyman NaHu)
  7497 | Lair:1   | Identified the +9 trident of Disembowelment {holy, rF+ rN++
                  | Str+2 Stlth-}
  7526 | Lair:1   | 7526 ||| INVOKING Heroism.
  7930 | Lair:2   | 7930 ||| INVOKING Heroism.
  7944 | Lair:2   | Reached skill level 6 in Invocations
  7949 | Lair:2   | Reached XP level 12. HP: 65/77 MP: 16/16
  7950 | Lair:2   | Reached ***** piety under Okawaru
  7959 | Lair:2   | 7959 ||| STAIRDANCE
  7963 | Lair:1   | 7963 ||| INVOKING Heroism.
  8252 | Lair:2   | 8252 ||| INVOKING Heroism.
  8275 | Lair:2   | You fall into a shaft and drop 2 floors!
  8281 | Lair:4   | Reached skill level 15 in Ranged Weapons
  8282 | Lair:4   | 8282 ||| INVOKING Heroism.
  8760 | Lair:2   | 8760 ||| FLEEEEING.
  8761 | Lair:2   | 8761 ||| FLEEEEING.
  8762 | Lair:2   | 8762 ||| FLEEEEING.
  8764 | Lair:2   | 8764 ||| FLEEEEING.
  8765 | Lair:2   | 8765 ||| FLEEEEING.
  8766 | Lair:2   | 8766 ||| FLEEEEING.
  8767 | Lair:2   | 8767 ||| FLEEEEING.
  8768 | Lair:2   | 8768 ||| FLEEEEING.
  8769 | Lair:2   | 8769 ||| FLEEEEING.
  8770 | Lair:2   | 8770 ||| FLEEEEING.
  8771 | Lair:2   | 8771 ||| FLEEEEING.
  8773 | Lair:2   | 8773 ||| FLEEEEING.
  8774 | Lair:2   | 8774 ||| FLEEEEING.
  8775 | Lair:2   | 8775 ||| FLEEEEING.
  8776 | Lair:2   | 8776 ||| STAIRDANCE
  8844 | Lair:2   | 8844 ||| STAIRDANCE
  8846 | Lair:1   | 8846 ||| INVOKING Heroism.
  9164 | Lair:2   | 9164 ||| INVOKING Heroism.
  9165 | Lair:2   | Identified the +6 hand crossbow "Zinuogim" {penet, rElec
                  | rF- rC+ Int+3 SInv} (Okawaru gifted it to you on level 2 of
                  | the Lair of Beasts)
  9165 | Lair:2   | Received a gift from Okawaru
  9183 | Lair:2   | Reached skill level 9 in Invocations
  9461 | Lair:2   | 9461 ||| UPGRADING to +0 helmet.
  9512 | Lair:3   | 9512 ||| INVOKING Heroism.
  9574 | Lair:3   | 9574 ||| INVOKING Heroism.
  9673 | Lair:3   | Found a staircase to the Swamp.
  9703 | Lair:3   | 9703 ||| INVOKING Heroism.
  9824 | Lair:3   | Found a hole to the Spider Nest.
 10043 | Lair:3   | 10043 ||| READING scroll labelled ZEASUFONOG.
 10044 | Lair:3   | 10044 ||| READING scroll labelled MONKUM OJOTU.
 10065 | Lair:4   | 10065 ||| STAIRDANCE
 10069 | Lair:3   | 10069 ||| INVOKING Heroism.
 10162 | Lair:4   | Reached XP level 13. HP: 82/82 MP: 20/20
 10172 | Lair:4   | 10172 ||| INVOKING Heroism.
 10194 | Lair:4   | Identified the +1 scale mail of the Learner {rPois rN+
                  | Str-3} (Okawaru gifted it to you on level 4 of the Lair of
                  | Beasts)
 10194 | Lair:4   | Received a gift from Okawaru
 10333 | Lair:4   | 10333 ||| INVOKING Heroism.
 10360 | Lair:4   | 10360 ||| INVOKING Finesse.
 10393 | Lair:4   | 10393 ||| READING scroll of enchant weapon.
 10393 | Lair:4   | 10393 ||| ENCHANTING +2 longbow of freezing.
 10395 | Lair:4   | 10395 ||| INVOKING Heroism.
 10579 | Lair:4   | 10579 ||| INVOKING Heroism.
 10580 | Lair:4   | 10580 ||| INVOKING Finesse.
 10675 | Lair:4   | 10675 ||| INVOKING Heroism.
 10710 | Lair:4   | 10710 ||| INVOKING Heroism.
 10747 | Lair:4   | Noticed Urug
 10751 | Lair:4   | 10751 ||| INVOKING Heroism.
 10757 | Lair:4   | Killed Urug
 10811 | Lair:4   | 10811 ||| INVOKING Heroism.
 11028 | Lair:4   | 11028 ||| DROPPING +0 ring mail of positive energy.
 11029 | Lair:4   | 11029 ||| READING 2 scrolls labelled FEJAEBONEFO.
 11130 | Lair:4   | 11130 ||| DRINKING 2 lumpy silvery potions.
 11130 | Lair:4   | Gained mutation: You are dopey. (Int -2) [potion of
                  | mutation]
 11130 | Lair:4   | Gained mutation: You are agile. (Dex +4, Str/Int -1)
                  | [potion of mutation]
 11130 | Lair:4   | Gained mutation: You possess an exceptional clarity of
                  | mind. [potion of mutation]
 11130 | Lair:4   | Gained mutation: Your flesh is heat resistant. (rF+)
                  | [potion of mutation]
 11131 | Lair:4   | 11131 ||| READING 2 scrolls of identify.
 11131 | Lair:4   | 11131 ||| IDENTIFYING dark potion
 11132 | Lair:4   | 11132 ||| DROPPING potion of invisibility.
 11133 | Lair:4   | 11133 ||| DROPPING scroll of silence.
 11142 | Lair:5   | Entered Level 5 of the Lair of Beasts
 11149 | Lair:5   | 11149 ||| INVOKING Heroism.
 11173 | Lair:5   | Found the +8 autumn katana {manifold assault}
 11212 | Lair:5   | 11212 ||| INVOKING Heroism.
 11233 | Lair:5   | Reached skill level 6 in Dodging
 11277 | Lair:5   | Identified the +0 pair of gloves of Cuitt {rF- rC++ rN+}
 11279 | Lair:5   | Reached skill level 6 in Armour
 11291 | Lair:5   | 11291 ||| FLEEEEING.
 11292 | Lair:5   | 11292 ||| FLEEEEING.
 11293 | Lair:5   | 11293 ||| FLEEEEING.
 11294 | Lair:5   | 11294 ||| FLEEEEING.
 11295 | Lair:5   | 11295 ||| FLEEEEING.
 11296 | Lair:5   | 11296 ||| FLEEEEING.
 11297 | Lair:5   | 11297 ||| FLEEEEING.
 11298 | Lair:5   | 11298 ||| FLEEEEING.
 11299 | Lair:5   | 11299 ||| FLEEEEING.
 11300 | Lair:5   | 11300 ||| FLEEEEING.
 11301 | Lair:5   | 11301 ||| FLEEEEING.
 11302 | Lair:5   | 11302 ||| FLEEEEING.
 11303 | Lair:5   | 11303 ||| FLEEEEING.
 11306 | Lair:5   | 11306 ||| INVOKING Heroism.
 11467 | Lair:5   | 11467 ||| INVOKING Heroism.
 11476 | Lair:5   | 11476 ||| Stepping ~*~*~tactically~*~*~ (outnumbered).
 11501 | Lair:5   | Found a corrupted altar of Lugonu.
 11501 | Lair:5   | Found a one-way gate to the infinite horrors of the Abyss.
 11590 | Lair:5   | Gained mutation: Your large and strong wings let you fly.
                  | [Gargoyle growth]
 11590 | Lair:5   | Reached XP level 14. HP: 80/90 MP: 21/21
 11593 | Lair:5   | 11593 ||| INVOKING Heroism.
 11604 | Lair:5   | HP: 22/90 [elephant (12)]
 11605 | Lair:5   | 11605 ||| READING 3 scrolls of teleportation.
 11608 | Lair:5   | Found a staircase to the Slime Pits.
 11609 | Lair:5   | Reached skill level 18 in Ranged Weapons
 11878 | Lair:5   | 11878 ||| INVOKING Heroism.
 12027 | Lair:5   | 12027 ||| INVOKING Heroism.
 12080 | Lair:5   | 12080 ||| INVOKING Heroism.
 12083 | Lair:5   | Reached skill level 12 in Fighting
 12083 | Lair:5   | 12083 ||| INVOKING Finesse.
 12645 | Lair:5   | 12645 ||| PLANNING D:1-11
 12645 | Lair:5   | 12645 ||| UPGRADING to +0 pair of gloves of Cuitt {rF- rC++
                  | rN+}.
 12650 | Lair:5   | 12650 ||| READING 2 scrolls of identify.
 12650 | Lair:5   | 12650 ||| IDENTIFYING puce potion
 12651 | Lair:5   | 12651 ||| DROPPING potion of degeneration.
 12855 | D:9      | Found a radiant altar of Vehumet.
 12932 | D:9      | Found Viekk's Armour Shop.
 12940 | D:9      | 12940 ||| BUYING +1 helmet of intelligence (198 gold).
 12940 | D:9      | Bought a +1 helmet of intelligence for 198 gold pieces
 12940 | D:9      | 12940 ||| BUYING +2 pair of gloves (198 gold).
 12940 | D:9      | Bought a +2 pair of gloves for 198 gold pieces
 12969 | D:9      | Received a gift from Okawaru
 12971 | D:9      | 12971 ||| DROPPING +1 longbow of freezing.
 13456 | D:9      | 13456 ||| DROPPING +0 pair of gloves.
 13457 | D:9      | 13457 ||| UPGRADING to +1 helmet of intelligence.
 13467 | D:9      | 13467 ||| DROPPING +0 helmet.
 13468 | D:9      | 13468 ||| UPGRADING to amulet of reflection.
 13478 | D:9      | 13478 ||| DROPPING amulet of the acrobat.
 13479 | D:9      | 13479 ||| READING scroll labelled DUDISE EZXA.
 13480 | D:9      | 13480 ||| READING 2 scrolls of identify.
 13480 | D:9      | 13480 ||| IDENTIFYING lumpy red potion
 13481 | D:9      | 13481 ||| DROPPING potion of brilliance.
 13498 | D:10     | Entered Level 10 of the Dungeon
 13508 | D:10     | 13508 ||| STAIRDANCE
 13610 | D:10     | 13610 ||| READING scroll of enchant weapon.
 13610 | D:10     | 13610 ||| ENCHANTING +3 longbow of freezing.
 13680 | D:10     | Identified the +1 falchion of Peril {spect, *Slow Int+3
                  | SInv}
 13727 | D:10     | Found Lidis's General Store.
 13733 | D:10     | 13733 ||| BUYING scroll of enchant armour (120 gold).
 13733 | D:10     | Bought a scroll of enchant armour for 120 gold pieces
 13733 | D:10     | 13733 ||| READING scroll of enchant armour.
 13733 | D:10     | 13733 ||| ENCHANTING +1 helmet of intelligence.
 13778 | D:10     | Found Cuthrytoxt's Assorted Antiques.
 13795 | D:10     | 13795 ||| BUYING potion of mutation (208 gold).
 13795 | D:10     | Bought a potion of mutation for 208 gold pieces
 13795 | D:10     | 13795 ||| BUYING scroll of identify (52 gold).
 13795 | D:10     | Bought a scroll of identify for 52 gold pieces
 13846 | D:10     | 13846 ||| FLEEEEING.
 13847 | D:10     | 13847 ||| FLEEEEING.
 13848 | D:10     | 13848 ||| FLEEEEING.
 13849 | D:10     | 13849 ||| FLEEEEING.
 13900 | D:10     | Found a staircase to the Orcish Mines.
 14028 | D:10     | 14028 ||| READING scroll of enchant armour.
 14028 | D:10     | 14028 ||| ENCHANTING +0 pair of boots.
 14208 | D:10     | 14208 ||| READING 2 scrolls of identify.
 14208 | D:10     | 14208 ||| IDENTIFYING viscous black potion
 14209 | D:10     | 14209 ||| DROPPING potion of enlightenment.
 14436 | D:11     | 14436 ||| INVOKING Heroism.
 14437 | D:11     | 14437 ||| INVOKING Finesse.
 14964 | D:11     | 14964 ||| PLANNING D
 15097 | D:12     | 15097 ||| FLEEEEING.
 15098 | D:12     | 15098 ||| FLEEEEING.
 15100 | D:12     | 15100 ||| FLEEEEING.
 15331 | D:12     | You are sucked into a shaft and drop 2 floors!
 15349 | D:14     | 15349 ||| INVOKING Heroism.
 15503 | D:14     | Identified the +9 plate armour "Uxoirghai" {*Corrode +Blink
                  | rElec rPois} (Okawaru gifted it to you on level 14 of the
                  | Dungeon)
 15503 | D:14     | Received a gift from Okawaru
 15626 | D:14     | 15626 ||| INVOKING Heroism.
 15629 | D:14     | 15629 ||| Stepping ~*~*~tactically~*~*~ (outnumbered).
 15796 | D:14     | 15796 ||| READING 4 scrolls of identify.
 15796 | D:14     | 15796 ||| IDENTIFYING fuming amethyst potion
 15807 | D:13     | 15807 ||| INVOKING Heroism.
 15808 | D:13     | 15808 ||| INVOKING Finesse.
 15817 | D:13     | Reached XP level 15. HP: 92/98 MP: 14/22
 16305 | D:13     | 16305 ||| FLEEEEING.
 16306 | D:13     | 16306 ||| FLEEEEING.
 16321 | D:13     | 16321 ||| FLEEEEING.
 16322 | D:13     | 16322 ||| FLEEEEING.
 16415 | D:13     | 16415 ||| Stepping ~*~*~tactically~*~*~ (outnumbered).
 16416 | D:13     | 16416 ||| Stepping ~*~*~tactically~*~*~ (outnumbered).
 16462 | D:13     | 16462 ||| INVOKING Heroism.
 16492 | D:13     | 16492 ||| Stepping ~*~*~tactically~*~*~ (outnumbered).
 16494 | D:13     | 16494 ||| Stepping ~*~*~tactically~*~*~ (outnumbered).
 16496 | D:13     | 16496 ||| Stepping ~*~*~tactically~*~*~ (outnumbered).
 16775 | D:13     | Found a portal to a secret trove of treasure.
 16807 | D:14     | 16807 ||| FLEEEEING.
 16808 | D:14     | 16808 ||| FLEEEEING.
 16810 | D:14     | 16810 ||| STAIRDANCE
 17053 | D:14     | Noticed Snorg
 17065 | D:14     | 17065 ||| INVOKING Heroism.
 17070 | D:14     | Killed Snorg
 17414 | D:14     | Found a gate to the Vaults.
 17426 | D:14     | 17426 ||| INVOKING Heroism.
 17436 | D:14     | HP: 18/98 [vault guard/+0 long sword (10)]
 17437 | D:14     | 17437 ||| READING 5 scrolls of teleportation.
 17438 | D:14     | 17438 ||| DRINKING 3 potions of heal wounds.
 17773 | D:14     | 17773 ||| READING scroll of brand weapon.
 17773 | D:14     | 17773 ||| BRANDING +4 longbow of freezing.
 17972 | D:14     | 17972 ||| READING 5 scrolls of identify.
 17972 | D:14     | 17972 ||| IDENTIFYING bubbling white potion
 17986 | D:15     | Entered Level 15 of the Dungeon
 17995 | D:15     | Found a glowing golden altar of the Shining One.
 18049 | D:15     | Noticed Josephine
 18054 | D:15     | Killed Josephine
 18122 | D:15     | 18122 ||| INVOKING Heroism.
 18124 | D:15     | 18124 ||| Stepping ~*~*~tactically~*~*~ (outnumbered).
 18202 | D:15     | 18202 ||| INVOKING Heroism.
 18241 | D:15     | 18241 ||| INVOKING Heroism.
 18248 | D:15     | 18248 ||| SWAPPING to +1 arbalest of flaming.
 18255 | D:15     | 18255 ||| READING 4 scrolls of teleportation.
 18256 | D:15     | 18256 ||| SWAPPING to +4 longbow of draining.
 18279 | D:15     | 18279 ||| READING 3 scrolls of teleportation.
 18282 | D:15     | 18282 ||| INVOKING Heroism.
 18297 | D:15     | HP: 20/98 [red ugly thing (7)]
 18298 | D:15     | 18298 ||| READING 2 scrolls of teleportation.
 18299 | D:15     | 18299 ||| DRINKING 2 potions of heal wounds.
 18304 | D:15     | 18304 ||| STAIRDANCE
 18531 | D:15     | Found a runed translucent door.
 18535 | D:15     | Noticed qw's ghost (journeyman GrFi)
 18559 | D:15     | 18559 ||| INVOKING Heroism.
 18867 | D:15     | 18867 ||| INVOKING Heroism.
 18943 | D:15     | 18943 ||| FLEEEEING.
 18944 | D:15     | 18944 ||| FLEEEEING.
 18945 | D:15     | 18945 ||| FLEEEEING.
 18946 | D:15     | 18946 ||| FLEEEEING.
 18947 | D:15     | 18947 ||| FLEEEEING.
 18948 | D:15     | 18948 ||| FLEEEEING.
 18955 | D:15     | 18955 ||| FLEEEEING.
 18956 | D:15     | 18956 ||| FLEEEEING.
 18957 | D:15     | 18957 ||| FLEEEEING.
 18958 | D:15     | 18958 ||| FLEEEEING.
 18959 | D:15     | 18959 ||| FLEEEEING.
 18960 | D:15     | 18960 ||| FLEEEEING.
 18961 | D:15     | 18961 ||| FLEEEEING.
 18962 | D:15     | 18962 ||| FLEEEEING.
 18963 | D:15     | 18963 ||| FLEEEEING.
 18964 | D:15     | 18964 ||| FLEEEEING.
 18973 | D:15     | 18973 ||| FLEEEEING.
 18974 | D:15     | 18974 ||| FLEEEEING.
 18975 | D:15     | 18975 ||| STAIRDANCE
 19082 | D:14     | 19082 ||| UPGRADING to +5 ring of evasion.
 19084 | D:14     | 19084 ||| UPGRADING to +4 ring of slaying {mikee}.
 19090 | D:15     | 19090 ||| STAIRDANCE
 19144 | D:15     | 19144 ||| STAIRDANCE
 19243 | D:15     | 19243 ||| FLEEEEING.
 19244 | D:15     | 19244 ||| FLEEEEING.
 19245 | D:15     | 19245 ||| FLEEEEING.
 19246 | D:15     | 19246 ||| FLEEEEING.
 19247 | D:15     | 19247 ||| FLEEEEING.
 19347 | D:15     | Found a staircase to the Depths.
 19348 | D:15     | 19348 ||| INVOKING Heroism.
 19581 | D:15     | 19581 ||| READING scroll of enchant weapon.
 19581 | D:15     | 19581 ||| ENCHANTING +4 longbow of draining.
 19646 | D:15     | 19646 ||| PLANNING ORC
 19751 | Orc:1    | Entered Level 1 of the Orcish Mines
 19798 | Orc:1    | 19798 ||| INVOKING Heroism.
 19799 | Orc:1    | 19799 ||| Stepping ~*~*~tactically~*~*~ (outnumbered).
 19929 | Orc:2    | Entered Level 2 of the Orcish Mines
 19937 | Orc:2    | 19937 ||| INVOKING Heroism.
 19947 | Orc:2    | Reached skill level 9 in Armour
 20072 | Orc:2    | 20072 ||| INVOKING Heroism.
 20112 | Orc:2    | 20112 ||| Stepping ~*~*~tactically~*~*~ (outnumbered).
 20121 | Orc:2    | 20121 ||| Stepping ~*~*~tactically~*~*~ (outnumbered).
 20144 | Orc:2    | Reached XP level 16. HP: 99/106 MP: 23/23
 20163 | Orc:2    | 20163 ||| INVOKING Heroism.
 20173 | Orc:2    | 20173 ||| Stepping ~*~*~tactically~*~*~ (outnumbered).
 20209 | Orc:2    | 20209 ||| INVOKING Heroism.
 20224 | Orc:2    | Found Cagabae's Jewellery Boutique.
 20224 | Orc:2    | Found Pacung's Antique Armour Shoppe.
 20226 | Orc:2    | Found Babid's Jewellery Boutique.
 20226 | Orc:2    | Found Gomal's Antique Armour Shoppe.
 20232 | Orc:2    | 20232 ||| BUYING ring of protection from fire (425 gold).
 20232 | Orc:2    | Bought a ring of protection from fire for 425 gold pieces
 20232 | Orc:2    | 20232 ||| BUYING ring of the Smoking Gods {rElec rPois
                  | EV+5} (921 gold).
 20232 | Orc:2    | Bought the ring of the Smoking Gods {rElec rPois EV+5} for
                  | 921 gold pieces
 20235 | Orc:2    | 20235 ||| SHOPLISTING ring of ice (425 gold, have 33).
 20281 | Orc:2    | 20281 ||| UPGRADING to ring of the Smoking Gods {rElec
                  | rPois EV+5}.
 20283 | Orc:2    | 20283 ||| DROPPING +4 ring of slaying {mikee}.
 20293 | Orc:1    | 20293 ||| INVOKING Heroism.
 20309 | Orc:1    | Reached skill level 9 in Dodging
 20341 | Orc:1    | HP: 26/106 [orc warrior/+0 glaive (3)]
 20342 | Orc:1    | 20342 ||| READING scroll of teleportation.
 20629 | Orc:2    | Found a staircase to the Elven Halls.
 20649 | Orc:2    | 20649 ||| INVOKING Heroism.
 20687 | Orc:2    | 20687 ||| INVOKING Heroism.
 20857 | Orc:2    | 20857 ||| PLANNING SWAMP:1-3
 21020 | Swamp:1  | Entered Level 1 of the Swamp
 21029 | Swamp:1  | 21029 ||| INVOKING Heroism.
 21128 | Swamp:1  | 21128 ||| INVOKING Heroism.
 21289 | Swamp:1  | Reached skill level 15 in Fighting
 21376 | Swamp:1  | Noticed a thorn hunter
 21377 | Swamp:1  | 21377 ||| INVOKING Heroism.
 21383 | Swamp:1  | Killed a thorn hunter
 21421 | Swamp:1  | 21421 ||| INVOKING Heroism.
 21514 | Swamp:1  | 21514 ||| INVOKING Heroism.
 21731 | Swamp:1  | 21731 ||| READING 5 scrolls of identify.
 21731 | Swamp:1  | 21731 ||| IDENTIFYING fizzy green potion
 21747 | Swamp:2  | 21747 ||| INVOKING Heroism.
 21844 | Swamp:2  | 21844 ||| INVOKING Heroism.
 21929 | Swamp:2  | 21929 ||| INVOKING Heroism.
 21943 | Swamp:2  | 21943 ||| SWAPPING to +1 arbalest of flaming.
 21945 | Swamp:2  | 21945 ||| SWAPPING to +5 longbow of draining.
 22049 | Swamp:2  | Noticed a tentacled monstrosity
 22050 | Swamp:2  | 22050 ||| INVOKING Heroism.
 22061 | Swamp:2  | Killed a tentacled monstrosity
 22377 | Swamp:3  | 22377 ||| INVOKING Heroism.
 22438 | Swamp:3  | 22438 ||| INVOKING Heroism.
 22441 | Swamp:3  | 22441 ||| SWAPPING to +1 arbalest of flaming.
 22448 | Swamp:3  | 22448 ||| SWAPPING to +5 longbow of draining.
 22697 | Swamp:3  | 22697 ||| INVOKING Heroism.
 22698 | Swamp:3  | 22698 ||| Stepping ~*~*~tactically~*~*~ (outnumbered).
 22749 | Swamp:3  | Noticed a tentacled monstrosity
 22750 | Swamp:3  | 22750 ||| INVOKING Heroism.
 22758 | Swamp:3  | Killed a tentacled monstrosity
 22781 | Swamp:3  | 22781 ||| SWAPPING to +1 arbalest of flaming.
 22786 | Swamp:3  | 22786 ||| SWAPPING to +5 longbow of draining.
 23011 | Swamp:3  | Noticed Louise
 23012 | Swamp:3  | 23012 ||| INVOKING Heroism.
 23027 | Swamp:3  | Killed Louise
 23108 | Swamp:3  | 23108 ||| PLANNING SPIDER:1-3
 23108 | Swamp:3  | 23108 ||| DROPPING ring of willpower.
 23212 | Spider:1 | Entered Level 1 of the Spider Nest
 23265 | Spider:1 | 23265 ||| INVOKING Heroism.
 23400 | Spider:1 | Reached XP level 17. HP: 116/116 MP: 24/24
 23480 | Spider:1 | 23480 ||| Stepping ~*~*~tactically~*~*~ (outnumbered).
 23488 | Spider:1 | Received a gift from Okawaru
 23988 | Spider:2 | 23988 ||| STAIRDANCE
 23999 | Spider:1 | 23999 ||| INVOKING Heroism.
 24122 | Spider:2 | 24122 ||| INVOKING Heroism.
 24306 | Spider:2 | 24306 ||| FLEEEEING.
 24326 | Spider:2 | Reached skill level 18 in Fighting
 24720 | Spider:2 | Received a gift from Okawaru
 24722 | Spider:2 | 24722 ||| Stepping randomly (disturbance).
 24758 | Spider:2 | 24758 ||| INVOKING Heroism.
 24903 | Spider:2 | Noticed Frances
 24904 | Spider:2 | 24904 ||| INVOKING Heroism.
 24905 | Spider:2 | 24905 ||| INVOKING Finesse.
 24928 | Spider:2 | Killed Frances
 24963 | Spider:2 | 24963 ||| FLEEEEING.
 24970 | Spider:2 | 24970 ||| STAIRDANCE
 25000 | Spider:1 | 25000 ||| DROPPING ring of magical power.
 25014 | Spider:2 | 25014 ||| FLEEEEING.
 25016 | Spider:2 | 25016 ||| FLEEEEING.
 25041 | Spider:2 | 25041 ||| INVOKING Finesse.
 25448 | Spider:3 | 25448 ||| Stepping ~*~*~tactically~*~*~ (outnumbered).
 25458 | Spider:3 | 25458 ||| INVOKING Heroism.
 25559 | Spider:3 | 25559 ||| Stepping ~*~*~tactically~*~*~ (outnumbered).
 25572 | Spider:3 | 25572 ||| FLEEEEING.
 25573 | Spider:3 | 25573 ||| FLEEEEING.
 25575 | Spider:3 | 25575 ||| FLEEEEING.
 26155 | Spider:3 | 26155 ||| Stepping ~*~*~tactically~*~*~ (outnumbered).
 26163 | Spider:3 | 26163 ||| Stepping ~*~*~tactically~*~*~ (outnumbered).
 26274 | Spider:3 | Found the +2 Maxwell's thermic engine {flame, freeze, rev}
 26364 | Spider:3 | 26364 ||| Stepping ~*~*~tactically~*~*~ (outnumbered).
 26467 | Spider:3 | 26467 ||| INVOKING Finesse.
 26611 | Spider:3 | 26611 ||| PLANNING SWAMP:4
 26790 | Swamp:4  | Entered Level 4 of the Swamp
 26835 | Swamp:4  | 26835 ||| INVOKING Heroism.
 26836 | Swamp:4  | 26836 ||| INVOKING Finesse.
 26960 | Swamp:4  | 26960 ||| INVOKING Heroism.
 26961 | Swamp:4  | 26961 ||| Stepping ~*~*~tactically~*~*~ (outnumbered).
 26967 | Swamp:4  | 26967 ||| Stepping ~*~*~tactically~*~*~ (outnumbered).
 27061 | Swamp:4  | 27061 ||| INVOKING Heroism.
 27082 | Swamp:4  | 27082 ||| SWAPPING to +1 arbalest of flaming.
 27088 | Swamp:4  | 27088 ||| INVOKING Heroism.
 27090 | Swamp:4  | 27090 ||| Stepping ~*~*~tactically~*~*~ (outnumbered).
 27095 | Swamp:4  | 27095 ||| SWAPPING to +5 longbow of draining.
 27098 | Swamp:4  | 27098 ||| SWAPPING to +1 arbalest of flaming.
 27099 | Swamp:4  | HP: 29/122 [spriggan druid/angry trees (11)]
 27100 | Swamp:4  | 27100 ||| READING 6 scrolls of teleportation.
 27100 | Swamp:4  | HP: 9/122 [five-headed hydra (6)]
 27101 | Swamp:4  | 27101 ||| DRINKING 3 potions of heal wounds.
 27104 | Swamp:4  | 27104 ||| DRINKING 2 potions of heal wounds.
 27105 | Swamp:4  | 27105 ||| SWAPPING to +5 longbow of draining.
 27143 | Swamp:4  | 27143 ||| FLEEEEING.
 27144 | Swamp:4  | 27144 ||| FLEEEEING.
 27145 | Swamp:4  | 27145 ||| FLEEEEING.
 27146 | Swamp:4  | 27146 ||| STAIRDANCE
 27282 | Swamp:4  | 27282 ||| INVOKING Heroism.
 27283 | Swamp:4  | 27283 ||| SWAPPING to +1 arbalest of flaming.
 27287 | Swamp:4  | Received a gift from Okawaru
 27288 | Swamp:4  | 27288 ||| SWAPPING to +5 longbow of draining.
 27342 | Swamp:4  | 27342 ||| SWAPPING to +1 arbalest of flaming.
 27344 | Swamp:4  | Reached XP level 18. HP: 128/128 MP: 25/25
 27344 | Swamp:4  | 27344 ||| SWAPPING to +5 longbow of draining.
 27345 | Swamp:4  | 27345 ||| DROPPING +1 arbalest of flaming.
 27393 | Swamp:4  | 27393 ||| INVOKING Heroism.
 27409 | Swamp:4  | Reached skill level 12 in Armour
 27492 | Swamp:4  | Got a decaying rune of Zot
 27561 | Swamp:4  | 27561 ||| INVOKING Heroism.
 27667 | Swamp:4  | 27667 ||| PLANNING VAULTS:1-4
 27973 | Vaults:1 | Entered Level 1 of the Vaults
 27976 | Vaults:1 | Found a runed translucent gate.
 27976 | Vaults:1 | Found a runed translucent gate.
 27976 | Vaults:1 | Found a runed translucent gate.
 27977 | Vaults:1 | Noticed qw's ghost (adept GrHu)
 28030 | Vaults:1 | 28030 ||| INVOKING Finesse.
 28067 | Vaults:1 | 28067 ||| DRINKING potion of cancellation.
 28104 | Vaults:1 | 28104 ||| INVOKING Heroism.
 28105 | Vaults:1 | 28105 ||| INVOKING Finesse.
 28161 | Vaults:1 | 28161 ||| INVOKING Finesse.
 28283 | Vaults:1 | 28283 ||| FLEEEEING.
 28286 | Vaults:1 | 28286 ||| FLEEEEING.
 28294 | Vaults:1 | 28294 ||| INVOKING Heroism.
 28358 | Vaults:1 | HP: 29/129 [deep troll[an ironbound preserver] (9)]
 28359 | Vaults:1 | 28359 ||| READING 5 scrolls of teleportation.
 28360 | Vaults:1 | 28360 ||| DRINKING potion of heal wounds.
 28361 | Vaults:1 | HP: 14/129 [dire elephant (7)]
 28365 | Vaults:1 | 28365 ||| READING 4 scrolls of teleportation.
 28366 | Vaults:1 | 28366 ||| INVOKING Heroism.
 28367 | Vaults:1 | HP: 8/129 [ironbound frostheart/creeping frost (3)]
 28382 | Vaults:1 | 28382 ||| READING 3 scrolls of teleportation.
 28386 | Vaults:1 | HP: 3/129 [ironbound thunderhulk/bolt of lightning (12)]
 28387 | Vaults:1 | Killed from afar by an ironbound thunderhulk

Levels and vault maps discovered:
D:1:      dpeg_arrival_prison, layout_basic
D:2:      layout_basic, basic_altar, ebering_ecumenical_altar_abandoned,
          wad_orctagon
D:3:      layout_rooms, serial_shops, shop, gammafunk_ghost_stat_death
D:4:      layout_gridville, fedhas_altar_1
D:5:      layout_loops_corners, nicolae_overflow_hidden_temple,
          kennysheep_mini_moat, minmay_temple_entry_grid,
          nicolae_zen_rock_garden, uniq_prince_ribbit1
D:6:      layout_loops_ring, yredelemnul_altar_generic, wad_rectangle_vault,
          uniq_edmund
D:7:      layout_cave_pods, lemuel_round_altar, grunt_potential, uniq_menkaure,
          uniq_pikel, uniq_joseph
D:8:      minmay_spotlight, layout_cave_pools, xom_butterflies,
          mainiacjoe_overflow_six_doors_small, dpeg_lair_monsters,
          minmay_manual_monstrance
D:9:      layout_stronghold, vehumet_crystals, serial_shops,
          nicolae_shop_hallway_stairs
D:10:     layout_rooms, erik_orc_3, serial_shops, kennysheep_little_box,
          nicolae_shop_pleasant_corner_grove
D:11:     layout_basic, lemuel_flamethrower_1
D:12:     layout_irregular_city
D:13:     layout_roguey, enter_trove_3
D:14:     layout_loops_ring, grunt_vaults_entry_tiered, serial_park_tiny_2,
          kennysheep_small_square, uniq_snorg
D:15:     grunt_enter_depths_snipers, layout_long_grid,
          hellmonk_ghost_happy_afterlife, tso_metal_star, minivault_7,
          uniq_josephine
Temple:   nicolae_temple_bog_church
Lair:1:   layout_loops_ring, ebering_ghost_funeral_grove,
          infiniplex_staircase_pool_2
Lair:2:   layout_hall_layers, lemuel_old_faithful, grunt_megastairs_2,
          lemuel_fruit_fields, lemuel_fruit_tree
Lair:3:   layout_concentric_octagons, swamp_mist_pool,
          spider_nest_entry_web_field
Lair:4:   layout_big_grid, lookout_lair_type, pdpol_lair_neglected_garden,
          uniq_urug
Lair:5:   hellmonk_lair_end_abyssal_woods, layout_hall_layers, slime_entry_1,
          kennysheep_abandoned_house
Swamp:1:  nicolae_swamp_ascending_descending_big, layout_basic_swamp,
          evilmike_swamp_ruin_house_1, infiniplex_staircase_pool
Swamp:2:  layout_basic_swamp, wheals_swamp_sinkhole
Swamp:3:  layout_basic_swamp, evilmike_swamp_ruin_house_4, uniq_louise
Swamp:4:  swamp, layout_basic_swamp
Spider:1: layout_spider_delve
Spider:2: layout_spider_delve, nicolae_spider_not_touching_you, uniq_frances
Spider:3: layout_spider_delve, hive_lemuel
Orc:1:    layout_diamond_mine, basic_altar, uniq_maurice
Orc:2:    grunt_orc_tribal_feast, layout_diamond_mine
Vaults:1: gammafunk_ghost_spectres, grunt_vaults_diagonal, v_rooms_2,
          v_pattern_5, vaults_dpeg_emergency_exit, hangedman_vaults_maws,
          nicolae_vaults_an_arrangement, grunt_vaults_funnel,
          nicolae_vaults_closet_pinwheel_4, layout_vaults_big_room, serial_glass

Skill      XL: |  1  2  3  4  5  6  7  8  9 10 11 12 13 14 15 16 17 18 |
---------------+-------------------------------------------------------+-----
Ranged Weapons | 5 6 7 8 9 11 13 14 16 17 19 20 | 20.0
Fighting       | 3 4 5 6 7 9 10 11 13 14 16 19 20 | 20.0
Armour         | 1 2 3 4 5 6 7 9 10 11 12 | 12.0
Dodging        | 2 4 6 7 8 10 11 | 11.6
Invocations    | 3 4 6 10 | 10.0
Stealth        | |  1.1

Action                     |  1- 3 |  4- 6 |  7- 9 | 10-12 | 13-15 | 16-18 || total
---------------------------+-------+-------+-------+-------+-------+-------++-------
   Fire: Shortbow          |    96 |   183 |    15 |       |       |       ||   294
         Longbow           |       |       |   159 |   397 |  1104 |  1406 ||  3066
         Arbalest          |       |       |       |       |     6 |    29 ||    35
 Invoke: Heroism           |       |       |     8 |    22 |    33 |    35 ||    98
         Finesse           |       |       |       |       |     5 |     7 ||    12
    Use: Scroll            |     2 |     6 |     5 |     5 |    19 |     6 ||    43
         Potion            |       |     1 |       |     2 |     3 |     4 ||    10
 Armour: Leather armour    |    29 |     6 |       |       |       |       ||    35
         Ring mail         |       |    30 |    47 |    99 |   277 |   261 ||   714
  Dodge: Dodged            |    37 |    58 |    60 |   156 |   478 |  1202 ||  1991
  Block: Other             |       |       |       |       |    81 |   233 ||   314
         Reflection        |       |       |       |       |     6 |     3 ||     9

Table legend:
 A = Non-vault XP
 B = Vault XP
 C = Vault XP percentage of total XP
 D = Non-vault monster count
 E = Vault monster count
 F = Vault count percentage of total count
                 A         B        C        D         E       F
            +---------+---------+-------+---------+---------+-------
      Total |  203064 |   75844 |  27.2 |     701 |     252 |  26.4
            +---------+---------+-------+---------+---------+-------
        D:1 |      43 |       6 |  12.2 |      23 |       4 |  14.8
        D:2 |     163 |      12 |   6.9 |      28 |       4 |  12.5
        D:3 |     242 |       0 |   0.0 |      21 |       0 |   0.0
        D:4 |     236 |       0 |   0.0 |      20 |       0 |   0.0
        D:5 |     397 |     268 |  40.3 |      14 |       1 |   6.7
        D:6 |     510 |     634 |  55.4 |       8 |       7 |  46.7
        D:7 |     567 |    2000 |  77.9 |      15 |      12 |  44.4
        D:8 |    1933 |    3909 |  66.9 |      31 |      18 |  36.7
        D:9 |    2376 |       0 |   0.0 |      12 |       0 |   0.0
       D:10 |    2853 |     569 |  16.6 |      31 |      20 |  39.2
       D:11 |    2577 |       0 |   0.0 |       9 |       0 |   0.0
       D:12 |    4405 |       0 |   0.0 |      10 |       0 |   0.0
       D:13 |    7322 |       0 |   0.0 |      18 |       0 |   0.0
       D:14 |   11157 |    9795 |  46.7 |      18 |      29 |  61.7
       D:15 |    8504 |    6730 |  44.2 |      23 |      27 |  54.0
     Lair:1 |    6537 |     202 |   3.0 |      26 |       1 |   3.7
     Lair:2 |    6997 |    1460 |  17.3 |      19 |       6 |  24.0
     Lair:3 |    3906 |       0 |   0.0 |      13 |       0 |   0.0
     Lair:4 |   10523 |    1655 |  13.6 |      27 |       2 |   6.9
     Lair:5 |   11944 |   12203 |  50.5 |      25 |      52 |  67.5
    Swamp:1 |   15970 |       0 |   0.0 |      29 |       0 |   0.0
    Swamp:2 |   12887 |       0 |   0.0 |      24 |       0 |   0.0
    Swamp:3 |   11921 |    1213 |   9.2 |      19 |       1 |   5.0
    Swamp:4 |   15834 |   14297 |  47.4 |      28 |      23 |  45.1
   Spider:1 |    7122 |       0 |   0.0 |      24 |       0 |   0.0
   Spider:2 |   20514 |    4630 |  18.4 |      60 |       5 |   7.7
   Spider:3 |   14505 |       0 |   0.0 |      43 |       0 |   0.0
      Orc:1 |    3584 |       0 |   0.0 |      30 |       0 |   0.0
      Orc:2 |    4121 |    7426 |  64.3 |      31 |      30 |  49.2
   Vaults:1 |   13414 |    8835 |  39.7 |      22 |      10 |  31.2
            +---------+---------+-------+---------+---------+-------
